 Dungeon Crawl Stone Soup version 0.20.1-1-g8b1a95d (webtiles) character file.

15620 Gremour the Carver (level 12, -6/77 HPs)
             Began as a Demonspawn Fighter on Dec 3, 2017.
             Was a High Priest of Qazlal.
             Mangled by a sixfirhy (7 damage)
             ... on level 2 of the Abyss.
             The game lasted 01:07:16 (12981 turns).

Gremour the Carver (Demonspawn Fighter)            Turns: 12981, Time: 01:07:16

Health: -6/77      AC: 18    Str: 14 (17) XL:     12   Next: 2%
Magic:  0/20       EV: 15    Int:  7 (11) God:    Qazlal [*****.]
Gold:   906        SH:  6    Dex: 18      Spells: 11/11 levels left

rFire    + . .     SeeInvis .   a - +3 great sword of Muokh {protect, Str+5 Dex+5}
rCold    . . .     Gourm    .   (shield currently unavailable)
rNeg     . . .     Faith    .   I - +0 troll leather armour
rPois    .         Spirit   +   v - +1 helmet
rElec    +         Reflect  .   M - +1 cloak
rCorr    +         Harm     .   (no gloves)
MR       .....     Rnd*Rage +   r - +0 pair of boots
Stlth    +.........             e - amulet of magic regeneration
Regen    0.0/turn               h - ring of resist corrosion
MPRegen  0.3/turn               J - ring of magical power

@: about to teleport, protected from electricity, protection aura, repel
missiles
A: hooves 2, molten scales 1, [berserk 3], blink, [blurry vision 3], [clumsy 2],
[deterioration 2], fire resistance 1, [frail 2], [low mp 2], screaming 1[+2],
[inhibited regeneration], [weak 2], magic shield, [MP-powered wands]
a: Blink, Upheaval, Elemental Force, Disaster Area, Renounce Religion


You were on level 2 of the Abyss.
You worshipped Qazlal.
Qazlal was extremely pleased with you.
You were hungry.

You visited 2 branches of the dungeon, and saw 13 of its levels.
You visited the Abyss 1 time.

You collected 906 gold pieces.

Inventory:

Hand Weapons
 a - the +3 great sword of Muokh (weapon) {protect, Str+5 Dex+5}
   (You found it on level 6 of the Dungeon)

   It protects the one who uses it against injury (+AC on strike).
   It affects your strength (+5).
   It affects your dexterity (+5).
 b - a +1 long sword
 c - a +4 trident of freezing
Missiles
 x - 5 steel tomahawks (quivered)
Armour
 d - a +0 leather armour of poison resistance
 r - a +0 pair of boots (worn)
 s - a +2 shield
 v - a +1 helmet (worn)
 I - a +0 troll leather armour (worn)
 K - +0 acid dragon scales
 M - a +1 cloak (worn)
Jewellery
 e - an amulet of magic regeneration (around neck)
 h - a ring of resist corrosion (left hand)
 p - an uncursed ring of flight
 E - an uncursed ring of wizardry
 J - a ring of magical power (right hand)
Wands
 g - a wand of disintegration (10/24)
 w - a wand of clouds (4/9)
 z - a wand of polymorph (10/24)
 B - a wand of confusion (19/48)
 C - a wand of lightning (8/15)
 G - a wand of lightning (7/15)
 H - a wand of iceblast (10/15)
 L - a wand of digging (4/24)
Scrolls
 i - a scroll of identify
 j - 4 scrolls of amnesia
 l - a scroll of remove curse
 m - a scroll of enchant armour
 o - 3 scrolls of recharging
 t - 2 scrolls of enchant weapon
 F - a scroll of magic mapping
Potions
 O - a potion of magic
 P - a potion of flight
Miscellaneous
 A - a phial of floods
Comestibles
 f - 12 bread rations
 k - 3 meat rations
 n - 8 royal jellies
 D - 10 fruits


   Skills:
 + Level 10.0 Fighting
 - Level 14.1 Long Blades
 - Level 2.6 Armour
 * Level 5.6 Dodging
 - Level 2.6 Shields
 + Level 3.0 Invocations


You had 11 spell levels left.
You didn't know any spells.

Dungeon Overview and Level Annotations

Branches:
Dungeon (12/15)            Temple (1/1) D:4             Orc (0/2) D:10
   Lair: D:8-11

Altars:
Ashenzari
Cheibriados
Dithmenos
Elyvilon
Fedhas
Gozag
Hepliaklqana
Kikubaaqudgha
Makhleb
Nemelex Xobeh
Okawaru
Qazlal
Ru
Sif Muna
Trog
Uskayaw
Vehumet
Xom
Yredelemnul
Zin
The Shining One

Shops:
D:11 =(:


Innate Abilities, Weirdness & Mutations

You have hoof-like feet.
You are partially covered in molten scales. (AC +2)
Your flesh is heat resistant. (rF+)
When hurt, damage is shared between your health and your magic reserves.
You can translocate small distances at will.
[You have an uncontrollable temper.]
[Scrolls take you much longer to read.]
[You are very clumsy. (Dex -4)]
[Your body often deteriorates upon taking damage.]
[You are very frail. (-20% HP)]
[Your magical capacity is very low. (-20% MP)]
[You frequently scream uncontrollably at your foes.]
[You do not regenerate when monsters are visible.]
[You are very weak. (Str -4)]
[You expend magic power (3 MP) to strengthen your wands.]


Message History

You hold your ground!
Found 47 gold pieces.
The sixfirhy barely misses you.
You riposte.
You barely miss the sixfirhy. The sixfirhy barely misses you.
The thrashing horror tramples you.
* * * LOW HITPOINT WARNING * * *
You stumble backwards!
The sixfirhy misses you.
The orc priest disappears in a puff of smoke!
The thrashing horror barely misses you.
You riposte.
You hit the thrashing horror.
Your weapon exudes an aura of protection.
The thrashing horror is lightly damaged.
The thrashing horror tramples you but does no damage.
The thrashing horror tramples you but does no damage. x2
The worldbinder calls forth creatures from the Orcish Mines!
The sixfirhy misses you. The sixfirhy hits you.
* * * LOW HITPOINT WARNING * * *
The sixfirhy shocks you!
Your resistance to physical damage fades away.
You feel protected from electricity.
You die...

#### #..##
##...# ###
#.#@## #..
#..#3###..
....#..$#.#
#..####3h#..#
.. #.§..#.#
###x.#.#
#.#.#####
###..§##.# ##.
#...##..##.#..


You could see a hell hog, a worldbinder and a sixfirhy.

Vanquished Creatures
  Josephine (D:10)
  A death knight (D:11)
  A thrashing horror (Abyss:2)
  The ghost of Ymberto the Basher, a novice MiHu of Okawaru (D:6)
  A phantasmal warrior (D:12)
  2 orc sorcerers (D:12)
  Joseph (D:8)
  Maurice (D:10)
  A gargoyle (D:11)
  A centaur skeleton (D:12)
  A freezing wraith (D:12)
  A komodo dragon (D:11)
  4 trolls
  A hellwing (Abyss:2)
  Grinder (D:4)
  6 hippogriffs
  A wyvern (D:8)
  Eustachio (D:5)
  6 wraiths
  An acid dragon (D:11)
  A soldier ant (D:11)
  A water moccasin (D:10)
  3 phantoms
  3 ice beasts
  A black bear (D:6)
  2 necrophages
  4 sky beasts
  6 ogres
  2 orc warriors
  4 wolves (D:11)
  3 centaurs
  A big kobold (D:8)
  A gnoll sergeant (D:12)
  6 bullfrogs
  6 scorpions
  15 killer bees
  8 wights
  4 crimson imps
  A bullfrog zombie (D:8)
  2 quasits
  11 hounds
  3 jellies
  2 centaur zombies (D:10)
  8 orc wizards
  2 bullfrog skeletons
  3 iguanas
  8 orc priests
  Terence (D:3)
  4 worker ants
  2 hound zombies
  4 hound skeletons
  15 gnolls
  A howler monkey skeleton (D:5)
  13 adders
  A shadow imp (D:11)
  An adder zombie (D:5)
  An adder skeleton (D:6)
  5 worms
  3 dart slugs
  2 leopard geckos
  44 orcs
  2 giant cockroaches
  10 goblins
  4 hobgoblins
  15 jackals
  6 quokkas
  2 ball pythons
  7 bats
  5 frilled lizards
  9 kobolds
  10 rats
312 creatures vanquished.

Vanquished Creatures (others)
  A small abomination (Abyss:2)
1 creature vanquished.

Grand Total: 313 creatures vanquished

Notes
Turn   | Place    | Note
-------+----------+-------------------------------------------
     0 | D:1      | Gremour the Demonspawn Fighter began the quest for the Orb.
     0 | D:1      | Reached XP level 1. HP: 18/18 MP: 1/1
   213 | D:1      | Reached skill level 2 in Long Blades
   339 | D:1      | Gained mutation: When hurt, damage is shared between your health and your magic reserves. [demonic ancestry]
   339 | D:1      | Reached XP level 2. HP: 21/24 MP: 2/2
   788 | D:1      | Reached skill level 3 in Long Blades
  1131 | D:2      | Gained mutation: Your flesh is heat resistant. (rF+) [demonic ancestry]
  1131 | D:2      | Reached XP level 3. HP: 24/29 MP: 3/3
  1571 | D:2      | Found a faded altar of an unknown god.
  1675 | D:2      | Reached XP level 4. HP: 26/35 MP: 4/4
  1724 | D:2      | Reached skill level 4 in Long Blades
  2194 | D:3      | Noticed Terence
  2223 | D:3      | Killed Terence
  2798 | D:2      | Gained mutation: You have large cloven feet. [demonic ancestry]
  2798 | D:2      | Reached XP level 5. HP: 36/41 MP: 5/5
  3346 | D:4      | Found a staircase to the Ecumenical Temple.
  3361 | D:4      | Reached skill level 5 in Long Blades
  3616 | Temple   | Entered the Ecumenical Temple
  3677 | Temple   | Became a worshipper of Qazlal Stormbringer
  3914 | D:4      | Gained mutation: You are partially covered in molten scales. (AC +2) [demonic ancestry]
  3914 | D:4      | Reached XP level 6. HP: 31/47 MP: 3/6
  4044 | D:4      | Noticed Grinder
  4056 | D:4      | Killed Grinder
  4056 | D:4      | Reached skill level 6 in Long Blades
  4314 | D:4      | Reached skill level 7 in Long Blades
  4314 | D:4      | Reached XP level 7. HP: 52/52 MP: 7/7
  4425 | D:4      | Reached * piety under Qazlal
  4715 | D:5      | Entered Level 5 of the Dungeon
  4990 | D:5      | Found a sparkling altar of Nemelex Xobeh.
  5094 | D:5      | Noticed Eustachio
  5113 | D:5      | Killed Eustachio
  5113 | D:5      | Reached skill level 8 in Long Blades
  5310 | D:5      | Found a basalt altar of Yredelemnul.
  5517 | D:6      | Reached XP level 8. HP: 50/58 MP: 6/8
  5689 | D:6      | Reached skill level 9 in Long Blades
  5832 | D:6      | Found an opulent altar of Gozag.
  5832 | D:6      | Found a sacrificial altar of Ru.
  5834 | D:6      | Found a sparkling altar of Nemelex Xobeh.
  5897 | D:6      | Reached skill level 10 in Long Blades
  6294 | D:6      | Got a transparent great sword
  6301 | D:6      | Reached ** piety under Qazlal
  6315 | D:6      | Identified the cursed +3 great sword of Muokh {protect, Str+5 Dex+5} (You found it on level 6 of the Dungeon)
  6537 | D:6      | Reached XP level 9. HP: 61/63 MP: 9/9
  6546 | D:6      | Noticed Ymberto's ghost (novice MiHu)
  6563 | D:6      | Killed Ymberto's ghost
  6563 | D:6      | Reached skill level 11 in Long Blades
  7677 | D:8      | Reached skill level 12 in Long Blades
  7860 | D:8      | Found an iron altar of Okawaru.
  7866 | D:8      | Noticed Joseph
  7904 | D:8      | Killed Joseph
  7914 | D:8      | Reached *** piety under Qazlal
  7955 | D:8      | Reached XP level 10. HP: 63/73 MP: 8/10
  8221 | D:8      | Reached skill level 5 in Fighting
  8278 | D:8      | Gained mutation: [You tend to lose your temper in combat.] [mutagenic meat]
  8279 | D:8      | Gained mutation: [You are frail. (-10% HP)] [mutagenic meat]
  8281 | D:8      | Gained mutation: Your spells are a little harder to cast, but a little more powerful. [mutagenic meat]
  8282 | D:8      | Gained mutation: You can translocate small distances at will. [mutagenic meat]
  8283 | D:8      | Gained mutation: [You occasionally shout uncontrollably at your foes.] [mutagenic meat]
  9039 | D:9      | Reached skill level 13 in Long Blades
  9316 | D:9      | Reached **** piety under Qazlal
 10114 | D:10     | Entered Level 10 of the Dungeon
 10119 | D:10     | Got a bloodstained buckler
 10411 | D:10     | Identified the cursed -2 buckler "Wilealub" {rElec MR+ rCorr} (You found it on level 10 of the Dungeon)
 10554 | D:10     | Found a staircase to the Orcish Mines.
 10716 | D:10     | Noticed Maurice
 10912 | D:10     | Reached XP level 11. HP: 75/76 MP: 11/11
 10922 | D:10     | Lost mutation: [You tend to lose your temper in combat.] [mutagenic meat]
 10923 | D:10     | Lost mutation: [You are frail. (-10% HP)] [mutagenic meat]
 11056 | D:10     | Reached skill level 1 in Invocations
 11073 | D:10     | Noticed Josephine
 11084 | D:10     | Reached skill level 14 in Long Blades
 11085 | D:10     | Killed Josephine
 11101 | D:10     | Killed Maurice
 11516 | D:11     | Reached skill level 1 in Dodging
 11617 | D:11     | Got a jewelled war axe
 11618 | D:11     | Identified the +4 war axe "Hydrabane" {freeze, +Rage rC+ Int+2} (You found it on level 11 of the Dungeon)
 11713 | D:11     | Reached ***** piety under Qazlal
 11812 | D:11     | Found Dedaat's Book Emporium.
 11812 | D:11     | Found Ruam's Weapon Boutique.
 12064 | D:11     | Found Makoumm's Jewellery Shoppe.
 12251 | D:12     | Noticed a death knight
 12253 | D:12     | Noticed a phantasmal warrior
 12341 | D:11     | Killed a death knight
 12443 | D:12     | Killed a phantasmal warrior
 12628 | D:12     | Noticed an orc sorcerer
 12629 | D:12     | Noticed a wizard
 12630 | D:12     | Noticed an orc sorcerer
 12638 | D:12     | Killed an orc sorcerer
 12638 | D:12     | Reached skill level 5 in Dodging
 12639 | D:12     | Killed an orc sorcerer
 12643 | D:12     | Cast into level 2 of the Abyss (a wizard)
 12703 | Abyss:2  | Noticed a wretched star
 12711 | Abyss:2  | Noticed a bone dragon
 12715 | Abyss:2  | Noticed a large abomination
 12718 | Abyss:2  | Lost mutation: Your spells are a little harder to cast, but a little more powerful. [a neqoxec]
 12785 | Abyss:2  | Noticed a thrashing horror
 12804 | Abyss:2  | Noticed a brown very ugly thing
 12809 | Abyss:2  | Killed a thrashing horror
 12809 | Abyss:2  | Reached skill level 10 in Fighting
 12809 | Abyss:2  | Gained mutation: You have hoof-like feet. [demonic ancestry]
 12809 | Abyss:2  | Reached XP level 12. HP: 13/77 MP: 8/14
 12810 | Abyss:2  | HP: 3/77 [raiju/living lightning (10)]
 12947 | Abyss:2  | Noticed a hell hog
 12951 | Abyss:2  | Noticed a hell hog
 12955 | Abyss:2  | Noticed a hell hog
 12981 | Abyss:2  | HP: 1/77 [sixfirhy (3)]
 12981 | Abyss:2  | Mangled by a sixfirhy

Skill      XL: |  1  2  3  4  5  6  7  8  9 10 11 |
---------------+----------------------------------+-----
Long Blades    | 2 3 4 5 7 8 10 12 13 14 | 14.1
Fighting       | 4 7 10 | 10.0
Invocations    | 3 |  3.0
Dodging        | 5 |  5.6
Armour         | |  2.6
Shields        | |  2.6

Action                   |  1- 3 |  4- 6 |  7- 9 | 10-12 || total
-------------------------+-------+-------+-------+-------++-------
Melee: Long sword        |   152 |   172 |   240 |       ||   564
       Great sword       |       |       |   141 |   425 ||   566
 Abil: Blink             |       |       |       |     1 ||     1
Evoke: Wand              |       |       |       |     1 ||     1
  Use: Potion            |       |     4 |     5 |     6 ||    15
       Scroll            |       |     5 |    10 |    14 ||    29
  Eat: Chunk             |     3 |     8 |    13 |    19 ||    43
       Meat ration       |       |       |       |     1 ||     1
Armor: Scale mail        |   100 |    47 |   165 |   151 ||   463
       Troll leather arm |       |       |       |   115 ||   115
Dodge: Dodged            |    51 |    36 |   109 |   333 ||   529
       Deflected         |       |       |       |    10 ||    10
Block: Shield            |    93 |    92 |   156 |       ||   341
       Other             |       |       |    16 |   125 ||   141
       Rpst.: Long sword |    15 |    12 |    16 |       ||    43
       Great sword       |       |       |    12 |    81 ||    93
